 Dungeon Crawl Stone Soup version 0.31-a0-675-g238779eb0a (webtiles) character file.

Game seed: 12430847091729031494

3 ytrimaz the Ruffian (level 1, 0/19 HPs)
             Began as an Octopode Shapeshifter on Sept 5, 2023.
             Succumbed to an adder's poison
             ... on level 2 of the Dungeon.
             The game lasted 00:00:28 (426 turns).

ytrimaz the Ruffian (Octopode Shapeshifter)          Turns: 426, Time: 00:00:29

Health: 0/19       AC: 20    Str: 13    XL:     1   Next: 50%
Magic:  1/1        EV:  2    Int: 12    God:
Gold:   0          SH:  0    Dex: 11    Spells: 0/0 levels left

rFire   . .          .
                       - Unarmed
rCold   . . .        (no shield)
rNeg    . . .        (helmet currently unavailable)
rPois   +            (no amulet)
rElec   .            (no ring)
rCorr   .            (no ring)
SInv    .            (no ring)
Will    .....        (no ring)
Stlth   +            (no ring)
HPRegen 0.23/turn    (no ring)
MPRegen 0.07/turn    (no ring)
                     (no ring)

%: no passive effects
@: lethally poisoned (0 -> -5), tree-form
A: stationary, stasis, torment immunity, boosted hp, almost no armour,
(amphibious), 8 rings, (camouflage 1), (gelatinous body 1), (nimble swimmer 1),
(tentacles)
a: no special abilities


You were on level 2 of the Dungeon.
You were a tree.
You visited 1 branch of the dungeon, and saw 2 of its levels.


Innate Abilities, Weirdness & Mutations

You are a tree.
Your roots penetrate the ground, keeping you stationary.
You cannot be teleported.
You are immune to unholy pain and torment.
Your maximum health is greatly increased.
You cannot wear most types of armour.
((You are amphibious.))
You can wear up to eight rings at the same time.
((Your skin changes colour to match your surroundings (Stealth+).))
((Your rubbery body absorbs attacks. (AC +1, EV +1)))
((You are camouflaged when in or above water. (Stealth+)))
((You have tentacles for arms and can constrict up to eight enemies at once.))


   Skills:
 - Level 1.0 Fighting
 - Level 2.0 Dodging
 + Level 3.1 Unarmed Combat
 + Level 3.1 Shapeshifting


You couldn't memorise any spells.
You didn't know any spells.
Your spell library was empty.

Inventory:

Talismans
 b - a beast talisman
 c - a flux talisman
Scrolls
 d - a scroll of teleportation {unknown}
 e - a scroll of vulnerability {unknown}

Dungeon Overview and Level Annotations

Branches:
Dungeon (1/15) Zot: 11574

Altars:

# #. #####.######
........S..#
#...#♣# .#
#...#.#..#
###...#.#..########
...............P..#
###...#.#..#.#.PP.#
#.....#..#...P..#
#.###........#
#.P..#
#.#...........##
##P#.#
#.#######.#####
###.#


You could see an adder.


Message History

There is an open door here.
Key pressed, stopping explore.
Key pressed, stopping explore.
No target in view!
Key pressed, stopping explore.
No target in view!
A goblin comes into view.
It is wielding a +0 dagger of electrocution.
A goblin is nearby!
A goblin is nearby!
A goblin is nearby!
A goblin is nearby!
The helpless goblin fails to defend itself.
You tentacle-slap the goblin. Your grab misses the goblin.
Your squeeze misses the goblin. You tentacle-slap the goblin.
You grab the goblin. You constrict the goblin.
You kill the goblin!
No target in view!
Things that are here:
a +0 dagger of electrocution; a goblin corpse Unknown command.
Key pressed, stopping explore.
Key pressed, stopping explore.
Key pressed, stopping explore.
Key pressed, stopping explore.
Key pressed, stopping explore.
A rat comes into view.
A rat is nearby!
A rat is nearby!
A rat is nearby!
A rat is nearby!
A rat is nearby!
A rat is nearby!
The helpless rat fails to defend itself.
You tentacle-slap the rat but do no damage.
You grab the rat. You squeeze the rat.
You kill the rat!
Unknown command.
No target in view!
No target in view!
No target in view!
Unknown command.
A ball python comes into view.
A ball python is nearby!
A ball python is nearby!
The helpless ball python fails to defend itself.
You tentacle-slap the ball python. Your grab misses the ball python.
The ball python barely misses you. The ball python grabs you.
The ball python constricts you. 😕 HP[-1]
You take 1 damage, and now have 12/13 hp.
You bludgeon the ball python!
You kill the ball python!
You see here a ball python corpse. 😎 HP[+1]
Your hp is fully restored (13).
You open the door.
There is an open door here.
Key pressed, stopping explore.
e - a scroll labelled CAWAERGH ODYUSH You open the door.
There is an open door here.
An adder comes into view.
An adder is nearby!
The adder hisses angrily.
The adder bites you. 😕 HP[-3]
You take 3 damage, and now have 10/13 hp.
MASSIVE DAMAGE!! (PAUSE)
You closely miss the adder. Your grab misses the adder.
The adder bites you but does no damage. The adder barely misses you.
You barely miss the adder. Your grab misses the adder.
The adder closely misses you.
You tentacle-slap the adder. Your grab misses the adder. The adder misses you.
Unknown command.
You tentacle-slap the adder. Your grab misses the adder.
The adder bites you. x2
* * * LOW HITPOINT WARNING * * *
You are lethally poisoned!
The adder poisons you! 😨 HP[-5]
You take 5 damage, and now have 5/13 hp.
MASSIVE DAMAGE!! (PAUSE)
You miss the adder. Your grab misses the adder.
* * * LOW HITPOINT WARNING * * *
You feel sick. The adder bites you.
* * * LOW HITPOINT WARNING * * *
You are more poisoned.
The adder poisons you! 😱 HP[-3]
You take 3 damage, and now have 2/13 hp.
MASSIVE DAMAGE!! (PAUSE)
Your transformation has ended.
You turn into a tree.
Your roots penetrate the ground.
* * * LOW HITPOINT WARNING * * *
You feel sick.
The adder bites you but does no damage. 😱 HP[-1]
You now have 19 max hp (+6).
Unknown command.
You closely miss the adder.
You die...

Action                     || total
---------------------------++-------
  Melee: Unarmed           ||    11
         Constrict         ||     2
         Tentacles         ||     1
    Use: Potion            ||     1
   Stab: Sleeping          ||     3
 Armour: Skin              ||     6
  Dodge: Dodged            ||     4

Levels and vault maps discovered:
D:1:      dpeg_arrival_signposts, layout_basic,
          chequers_ecumenical_altar_simple_redux, minmay_fountain_box,
          nicolae_the_louvre
D:2:      layout_loops_corners, serial_forest, infiniplex_forest_end_2,
          infiniplex_forest_clump_tiny, infiniplex_forest_straight_3,
          infiniplex_forest_end_double, infiniplex_forest_lined_4_way,
          infiniplex_forest_clump_small, infiniplex_forest_clump_long,
          infiniplex_forest_zigzag_1, grunt_decor_resistance,
          serial_bayou_pond_c

Notes
Turn   | Place    | Note
-------+----------+-------------------------------------------
     0 | D:1      | ytrimaz the Octopode Shapeshifter began the quest for the
                  | Orb.
     0 | D:1      | Reached XP level 1. HP: 13/13 MP: 1/1
     0 | D:1      | magus.rc [v1.9.6]
    67 | D:1      | You fall into a shaft and drop 1 floor!
   424 | D:2      | HP: 3/13 [poisoned by an adder]
   425 | D:2      | HP: 1/19 [poisoned by an adder]
   426 | D:2      | Succumbed to an adder's poison

Vanquished Creatures
  A ball python (D:2)
  A goblin (D:2)
  A rat (D:2)
3 creatures vanquished.

Table legend:
 A = Non-vault XP
 B = Vault XP
 C = Vault XP percentage of total XP
 D = Non-vault monster count
 E = Vault monster count
 F = Vault count percentage of total count
                 A         B        C        D         E       F
            +---------+---------+-------+---------+---------+-------
      Total |       5 |       0 |   0.0 |       3 |       0 |   0.0
            +---------+---------+-------+---------+---------+-------
        D:2 |       5 |       0 |   0.0 |       3 |       0 |   0.0
            +---------+---------+-------+---------+---------+-------

Action                     || total
---------------------------++-------
  Melee: Unarmed           ||    11
         Constrict         ||     2
         Tentacles         ||     1
    Use: Potion            ||     1
   Stab: Sleeping          ||     3
 Armour: Skin              ||     6
  Dodge: Dodged            ||     4

Illustrated notes

Table legend:
 A = Kills in this place as a percentage of kills in the entire game.
 B = Kills by you in this place as a percentage of kills by you in the entire game.
 C = Kills by friends in this place as a percentage of kills by friends in the entire game.
 D = Other kills in this place as a percentage of other kills in the entire game.
 E = Experience gained in this place as a percentage of experience gained in the entire game.
 F = Experience gained in this place divided by the number of levels of this place that you have seen.
                   A       B       C       D       E      F
               +-------+-------+-------+-------+-------+----------------------
         Total | 100.0 | 100.0 |   N/A |   N/A | 100.0 |   2.5
       Dungeon | 100.0 | 100.0 |   N/A |   N/A | 100.0 |   2.5
               +-------+-------+-------+-------+-------+----------------------

Table legend: (Time is in decaauts)
 A = Elapsed time spent in this place.
 B = Non-inter-level travel time spent in this place.
 C = Inter-level travel time spent in this place.
 D = Time resting spent in this place.
 E = Time spent auto-exploring this place.
 F = Levels seen in this place.
 G = Mean time per level.
                   A        B        C        D        E       F      G
               +--------+--------+--------+--------+--------+-----+--------+
         Total |    425 |    425 |      0 |      0 |    387 |   2 |  212.5 |
       Dungeon |    425 |    425 |      0 |      0 |    387 |   2 |  212.5 |
               +--------+--------+--------+--------+--------+-----+--------+

Top non-repeatable levels by time:
     D:2: 358 daAuts
     D:1: 67 daAuts
